Cogmind - Beta 14 @@@ ROGUE MODE // 2025.01.05 @ 12:18:46 Player: mintimati Result: Destroyed by P-60 Hacker with Shock Rifle Performance ------------- Evolutions (2) 1000 Regions Visited (6) 1200 Robots Destroyed (39) 195 Value Destroyed (1619) 1619 Prototype IDs (1) 20 Alien Tech Used (0) 0 Bonus (252) 252 TOTAL SCORE: 4286 Bonus ------- High Alert Combat Kills 52 Entered Garrisons 200 Cogmind --------- Core Integrity 0/550 Matter 300/300 Energy 84/100 System Corruption 8% Temperature Cool (0) Movement Core (50) Location -8/Garrison Parts ------- > --- POWER (2) -------- (None) > --- PROPULSION (2) --- (None) > --- UTILITY (5) ------ Weight Redist. System Authchip [R/Combat] > --- WEAPON (2) ------- (None) > --- INVENTORY (5) ---- Aluminum Leg Gravmag System Flight Unit Flight Unit Heat Sink Peak State ------------ > --- POWER ------------ Light Nuclear Core > --- PROPULSION ------- (None) > --- UTILITY ---------- Weight Redist. System Experimental Sensor Array Improved Terrain Scanner Authchip [R/Combat] Authchip [R/Combat] > --- WEAPON ----------- Ion Cannon Heavy Assault Rifle > --- INVENTORY -------- Assault Rifle [Rating: 30] Favorites ----------- Power Ion Engine Engine Ion Engine Power Core Light Nuclear Core Propulsion Wheel Leg Aluminum Leg Wheel Wheel Hover Unit Combat Airjet Flight Unit Flight Unit Utility Authchip [R/Combat] Device Weight Redist. System Storage Huge Storage Unit Hackware Authchip [R/Combat] Protection Hardened Medium Armor Plating Weapon Heavy Assault Rifle Energy Cannon Ion Cannon Ballistic Gun Heavy Assault Rifle Launcher Grenade Launcher Special Weapon Mining Laser Build | -11 -10 -10 -9 -9 -8 -8 ------- Run | Yrd Mat Min Mat Min Mat Gar Slots Evolved 4 | . . . 2 . 2 . Power 1 | . . . 1 . . . Propulsion . | . . . . . . . Utility 3 | . . . 1 . 2 . Weapon . | . . . . . . . Parts Attached 38 | 5 . 3 5 3 6 16 Power 4 | 1 . . . 1 1 1 Engine 3 | 1 . . . 1 . 1 Core 1 | . . . . . 1 . Reactor . | . . . . . . . Propulsion 12 | 2 . 3 . 1 1 5 Treads . | . . . . . . . Leg 2 | . . . . . . 2 Wheel 6 | 2 . 2 . 1 1 . Hover 1 | . . 1 . . . . Flight 3 | . . . . . . 3 Utility 9 | . . . 1 1 3 4 Device 5 | . . . 1 1 1 2 Storage 1 | . . . . . 1 . Processor . | . . . . . . . Hackware 2 | . . . . . . 2 Protection 1 | . . . . . 1 . Artifact . | . . . . . . . Weapon 13 | 2 . . 4 . 1 6 Energy Gun . | . . . . . . . Energy Cannon 1 | . . . . . . 1 Ballistic Gun 8 | 2 . . 3 . . 3 Ballistic Cannon . | . . . . . . . Launcher 2 | . . . . . 1 1 Special Weapon 2 | . . . 1 . . 1 Impact Weapon . | . . . . . . . Slashing Weapon . | . . . . . . . Piercing Weapon . | . . . . . . . Special Melee Weapon . | . . . . . . . Unidentified Prototypes 1 | . . . . 1 . . Parts Lost 17 | . . . . . . 17 Power 3 | . . . . . . 3 Propulsion 4 | . . . . . . 4 Utility 4 | . . . . . . 4 Weapon 6 | . . . . . . 6 Highest Loss Streak 7 | . . . . . . 7 To Critical Strikes . | . . . . . . . Average Slot Usage (%) 71 | . 71 70 54 72 82 70 Engine 9 | . 14 14 11 12 9 7 Core 2 | . . . . . 8 2 Leg 3 | . . . . . . 6 Wheel 11 | . 28 26 22 21 18 1 Device 17 | . . . 2 16 26 21 Hackware 8 | . . . . . . 15 Energy Cannon 3 | . . . . . . 6 Ballistic Gun 12 | . 28 28 15 22 12 6 Launcher 2 | . . . . . 5 3 Peak Build Rating 30 | 5 5 10 9 18 26 30 Average Rating 18 | 2 5 5 6 13 23 23 On Entrance 9 | . 5 5 6 9 18 23 Naked Turns . | . . . . . . . Heaviest Build 26 | 8 8 8 10 16 26 19 Greatest Support 32 | 26 26 26 32 32 26 26 Greatest Overweight (x) 4 | . . 2 . . . 4 Average Overweight (x) . | . . . . . . 1 Largest Inventory Capacity 25 | 5 5 5 5 5 25 5 Average Capacity 5 | 5 5 5 5 5 5 5 Most Carried 5 | 2 3 5 5 5 5 5 Average Carried 3 | . . 4 4 4 3 3 Final Capacity 5 | 5 5 5 5 5 5 5 Final Carried 5 | . 3 4 4 5 3 5 Class Distribution -------------------- 81% | Mutant 18% | Scavenger-Mutant Dominant Class ---------------- Mutant | -10/Materials Mutant | -10/Mines Mutant | -9/Materials Mutant | -9/Mines Mutant | -8/Materials Mutant | -8/Garrison Resources | -11 -10 -10 -9 -9 -8 -8 ----------- Run | Yrd Mat Min Mat Min Mat Gar Matter Collected 1024 | 159 . 161 58 174 13 459 Remotely . | . . . . . . . Salvage Created 1302 | . 13 267 55 325 37 605 Parts 80 | . 2 12 5 20 2 39 Haulers Intercepted . | . . . . . . . Recyclers Shooed 4 | . 1 1 . 1 1 . Parts Field Recycled . | . . . . . . . Retrieved Matter . | . . . . . . . Parts Self-Destructed . | . . . . . . . Prevented . | . . . . . . . Kills | -11 -10 -10 -9 -9 -8 -8 ------- Run | Yrd Mat Min Mat Min Mat Gar Combat Hostiles Destroyed 32 | . 1 . 1 8 2 20 Guns 13 | . 1 . 1 8 . 3 Cannons 7 | . . . . . . 7 AOE 12 | . . . . . 2 10 Classes Destroyed 9 | . 1 2 1 4 . 1 Worker 1 | . . 1 . . . . Builder 1 | . . . . 1 . . Tunneler 2 | . . . . 1 1 . Recycler 4 | . . 3 . 1 . . Swarmer 7 | . 1 . . 3 . 3 Grunt 19 | . . . . 4 2 13 Sentry 3 | . . . 1 . . 2 Programmer 2 | . . . . . . 2 Assembled 1 | . . . . 1 . . Best Kill Streak 5 | . 1 2 1 4 3 5 Combat Bots Only 5 | . 1 . 1 4 2 5 Max Kills in Single Turn 2 | . 1 1 1 1 1 2 Gunslinging . | . . . . . . . Exploded 2 | . . . . . 1 2 Melee . | . . . . . . . Uniques/NPCs Destroyed . | . . . . . . . Combat | -11 -10 -10 -9 -9 -8 -8 -------- Run | Yrd Mat Min Mat Min Mat Gar Hostile Shots Fired 207 | . 5 . 8 28 7 159 Missed 77 | . . . 5 13 2 57 Damage Taken 1703 | . 40 2 37 147 91 1386 Core 648 | . 18 . 24 47 5 554 Absorbed by Shields 40 | . . . . . . 40 Core Remaining (%) 91 | 100 . 92 . 82 . . Volleys Fired 103 | . 4 6 11 24 5 53 Largest 2 | . 2 2 2 2 2 2 Hottest 100 | . 40 40 100 43 53 83 Shots Fired 166 | . 8 12 13 48 10 75 Gun 107 | . 8 12 4 48 5 30 Cannon 22 | . . . . . . 22 Launcher 24 | . . . . . 5 19 Special 13 | . . . 9 . . 4 Kinetic 107 | . 8 12 4 48 5 30 Thermal 31 | . . . 9 . . 22 Explosive 24 | . . . . . 5 19 Electromagnetic . | . . . . . . . Robot Hit Streak 12 | . 3 7 5 11 9 12 Robot Miss Streak 4 | . 2 4 . 3 1 2 Penetration Max . | . . . . . . . Secondary Targets . | . . . . . . . Shots Hit Robots 91 | . 4 6 3 26 8 44 Core Hits 84 | . 1 7 2 16 8 50 Critical Kills . | . . . . . . . Critical Parts Destroyed . | . . . . . . . Critical Strikes . | . . . . . . . Melee Attacks . | . . . . . . . Impact . | . . . . . . . Slashing . | . . . . . . . Piercing . | . . . . . . . Sneak Attacks . | . . . . . . . Combat Hostiles . | . . . . . . . Follow-up Attacks . | . . . . . . . Damage Inflicted 2935 | . 49 66 31 323 319 2147 Guns 821 | . 49 62 31 323 47 309 Cannons 282 | . . . . . . 282 Explosions 1764 | . . . . . 272 1492 Melee . | . . . . . . . Ramming 68 | . . 4 . . . 64 Kinetic 821 | . 49 62 31 323 47 309 Thermal 282 | . . . . . . 282 Explosive 1764 | . . . . . 272 1492 Electromagnetic . | . . . . . . . Impact . | . . . . . . . Slashing . | . . . . . . . Piercing . | . . . . . . . Highest Corruption 8 | . . . . . . 8 Average Corruption 6 | . . . . . . 6 Corruption Purged . | . . . . . . . Corruption Blocked . | . . . . . . . Effects 2 | . . . . . . 2 Heat Flow Errors 1 | . . . . . . 1 Energy Discharges 1 | . . . . . . 1 Overload Shots . | . . . . . . . Overflow Damage 7 | . . . . . . 7 Projectiles . | . . . . . . . Explosions 7 | . . . . . . 7 Melee . | . . . . . . . Knockbacks 1 | . . 1 . . . . Impact 1 | . . 1 . . . . Kinetic . | . . . . . . . Secondary . | . . . . . . . Self-Inflicted Damage 109 | . . 2 . . 11 96 Shots 6 | . . . . . 1 5 Rammed 23 | . . 1 . . . 22 Targets Rammed 24 | . . 1 . . . 23 Kicked 1 | . . . . . . 1 Crushed . | . . . . . . . Highest Temperature 85 | . . . 40 11 17 85 Average Temperature 16 | . . . 17 6 10 16 Received Heat Transfer 395 | . . . 15 74 45 261 Siege Activations . | . . . . . . . Robots Corrupted . | . . . . . . . Combat Hostiles . | . . . . . . . Parts Fried . | . . . . . . . Impact Corruptions . | . . . . . . . Robots Melted . | . . . . . . . Combat Hostiles . | . . . . . . . Parts Melted 1 | . . . . . . 1 Heat Transferred 444 | . . . . . . 444 Parts Sabotaged . | . . . . . . . Parts Stolen . | . . . . . . . Parts Stripped . | . . . . . . . Power Chain Reactions . | . . . . . . . Alert | -11 -10 -10 -9 -9 -8 -8 ------- Run | Yrd Mat Min Mat Min Mat Gar Peak Influence 661 | . 65 45 67 140 85 661 Initial 25 | . . 25 17 25 19 . Average 190 | . 46 30 42 43 37 340 Maximum Alert Level 2 | . . . . . . 2 Low Security (%) 61 | 100 100 100 100 100 100 24 Level 1 20 | . . . . . . 40 Level 2 17 | . . . . . . 34 Level 3 . | . . . . . . . Level 4 . | . . . . . . . Level 5 . | . . . . . . . High Security . | . . . . . . . Max Security . | . . . . . . . Squads Dispatched 2 | . . . 2 . . . Investigation . | . . . . . . . Extermination . | . . . . . . . Reinforcement 2 | . . . 2 . . . Assault . | . . . . . . . Garrison . | . . . . . . . Intercept . | . . . . . . . Searches Triggered . | . . . . . . . Construction Impeded . | . . . . . . . Haulers Reinforced . | . . . . . . . Active Scanning Responses . | . . . . . . . Cargo Convoy Interrupts . | . . . . . . . Stealth | -11 -10 -10 -9 -9 -8 -8 --------- Run | Yrd Mat Min Mat Min Mat Gar Distress Signals 3 | . 1 . 1 . 1 . Communications Jammed . | . . . . . . . Distress Signals . | . . . . . . . Times Spotted 38 | . 3 . 6 8 1 20 Peak Tracking Total 7 | . 4 . 7 3 2 4 Tactical Retreats 3 | . 1 . . 1 . 1 Traps | -11 -10 -10 -9 -9 -8 -8 ------- Run | Yrd Mat Min Mat Min Mat Gar Traps Triggered 3 | . . . . . 1 2 Indirectly . | . . . . . . . Trap Hack Attempts . | . . . . . . . Triggered . | . . . . . . . Disarmed . | . . . . . . . Reprogrammed . | . . . . . . . Reused . | . . . . . . . Traps Extracted . | . . . . . . . Installed . | . . . . . . . Triggered . | . . . . . . . Machines | -11 -10 -10 -9 -9 -8 -8 ---------- Run | Yrd Mat Min Mat Min Mat Gar Machines Disabled 2 | . . . . . . 2 Max in Single Turn 1 | . . . . . . 1 Garrison Relay 2 | . . . . . . 2 Machines Repaired . | . . . . . . . Machines Dismantled . | . . . . . . . Machines Sabotaged . | . . . . . . . Overloaded Fab Kills . | . . . . . . . Hacking | -11 -10 -10 -9 -9 -8 -8 --------- Run | Yrd Mat Min Mat Min Mat Gar Machines Accessed 4 | . . . 2 . 1 1 Terminals 3 | . . . 2 . . 1 Fabricators . | . . . . . . . Repair Stations . | . . . . . . . Recycling Units . | . . . . . . . Scanalyzers . | . . . . . . . Garrison Access 1 | . . . . . 1 . Total Hacks 9 | . . . 5 . 1 3 Successful 6 | . . . 3 . 1 2 Failed 3 | . . . 2 . . 1 Catastrophic . | . . . . . . . Database Lockouts . | . . . . . . . Manual 3 | . . . 1 . . 2 Terminals 8 | . . . 5 . . 3 Fabricators . | . . . . . . . Repair Stations . | . . . . . . . Recycling Units . | . . . . . . . Scanalyzers . | . . . . . . . Garrison Access 1 | . . . . . 1 . Terminal Hacks 4 | . . . 3 . . 1 Record 1 | . . . 1 . . . Emergency Access Points 1 | . . . . . . 1 Locate Traps 1 | . . . 1 . . . Dispatch Records 1 | . . . 1 . . . Fabricator Hacks . | . . . . . . . Repair Station Hacks . | . . . . . . . Recycling Unit Hacks . | . . . . . . . Scanalyzer . | . . . . . . . Garrison Access Hacks 1 | . . . . . 1 . Unlock Access 1 | . . . . . 1 . Unauthorized Hacks 1 | . . . . . . 1 Terminals 1 | . . . . . . 1 Botnet 1 | . . . . . . 1 Fabricators . | . . . . . . . Repair Stations . | . . . . . . . Recycling Units . | . . . . . . . Scanalyzers . | . . . . . . . Garrison Access . | . . . . . . . Data Cores Recovered . | . . . . . . . Used . | . . . . . . . Hacking Detections 1 | . . . . . . 1 Full Trace Events 1 | . . . . . . 1 Feedback Events . | . . . . . . . Feedback Blocked . | . . . . . . . Robot Schematics Acquired . | . . . . . . . Robots Built . | . . . . . . . Authchips . | . . . . . . . Time . | . . . . . . . Total Robot Build Rating . | . . . . . . . Part Schematics Acquired . | . . . . . . . Parts Built . | . . . . . . . Authchips . | . . . . . . . Time . | . . . . . . . Total Part Build Rating . | . . . . . . . Parts Repaired . | . . . . . . . Time . | . . . . . . . Parts Recycled . | . . . . . . . Recycled Matter . | . . . . . . . Retrieved Matter . | . . . . . . . Retrieved Components . | . . . . . . . Parts Scanalyzed . | . . . . . . . Part Schematics Acquired . | . . . . . . . Parts Damaged . | . . . . . . . Bothacking | -11 -10 -10 -9 -9 -8 -8 ------------ Run | Yrd Mat Min Mat Min Mat Gar Used RIF Installer . | . . . . . . . Robots Hacked . | . . . . . . . Non-combat . | . . . . . . . Combat . | . . . . . . . Robot Hacks Applied . | . . . . . . . Relay Couplers Released 8 | . . . . . . 8 Machine Destruction 8 | . . . . . . 8 Fabnet Peak Effective % . | . . . . . . . Robots Rewired . | . . . . . . . Allies Hacked . | . . . . . . . Hacks Repelled . | . . . . . . . Allies | -11 -10 -10 -9 -9 -8 -8 -------- Run | Yrd Mat Min Mat Min Mat Gar Total Allies . | . . . . . . . Largest Group . | . . . . . . . Highest-Rated Group . | . . . . . . . Highest-Rated Ally . | . . . . . . . Total Orders . | . . . . . . . Ally Attacks . | . . . . . . . Total Damage . | . . . . . . . Kills . | . . . . . . . Allies Corrupted . | . . . . . . . Allies Melted . | . . . . . . . Intel | -11 -10 -10 -9 -9 -8 -8 ------- Run | Yrd Mat Min Mat Min Mat Gar Robot Analysis Total . | . . . . . . . Derelict Logs Recovered . | . . . . . . . Drone Launches . | . . . . . . . Drone Recoveries . | . . . . . . . Exploration | -11 -10 -10 -9 -9 -8 -8 ------------- Run | Yrd Mat Min Mat Min Mat Gar Turns Passed 2922 | 52 109 231 178 428 449 1475 Spaces Moved 2003 | 54 99 205 108 402 318 817 Core 407 | 18 . 4 . . . 385 Treads . | . . . . . . . Legs 384 | . . . . . . 384 Wheels 1211 | 36 99 201 108 402 318 47 Hover . | . . . . . . . Flight 1 | . . . . . . 1 Fastest Speed 50 | 50 90 90 90 80 80 50 Average Speed 106 | 76 90 91 90 85 80 136 Slowest Speed 250 | 90 90 150 90 90 80 250 Overloaded Moves . | . . . . . . . Propulsion Burnouts . | . . . . . . . Robots Hopped . | . . . . . . . Cave-ins Triggered . | . . . . . . . Exploration Rate (%) 30 | 3 22 37 14 59 14 62 Regions Visited 6 Branch Regions 2 Pre-discovered Areas . | . . . . . . . Known Exits Taken 1 | . . . . . 1 . Unknown Exits Taken 5 | 1 1 1 1 1 . . Scrap Searched 2 | . . . . 2 . . Spaces Dug 7 | . . . 7 . . . Terrain Destroyed 69 | . . . 9 . 21 39 Melee . | . . . . . . . Projectile 9 | . . . 9 . . . AOE 60 | . . . . . 21 39 Terrain Rammed . | . . . . . . . Walls Destroyed . | . . . . . . . Machines Disabled . | . . . . . . . Actions | -11 -10 -10 -9 -9 -8 -8 --------- Run | Yrd Mat Min Mat Min Mat Gar Total 2634 | 64 111 240 160 439 505 1115 Wait 370 | 1 6 17 31 2 166 147 Move 1994 | 53 98 204 107 401 317 814 Hop . | . . . . . . . Pick Up 50 | 5 3 4 2 6 4 26 Fast Attach . | . . . . . . . Attach 39 | 5 . 3 5 3 5 18 Detach 12 | . . 2 3 . 3 4 Swap 3 | . . . . . 1 2 Drop 21 | . . 3 1 3 4 10 Fire 103 | . 4 6 11 24 5 53 Melee . | . . . . . . . Ram 23 | . . 1 . . . 22 Kick 1 | . . . . . . 1 Crush . | . . . . . . . Escape Stasis 17 | . . . . . . 17 Rewire 1 | . . . . . . 1 Trap . | . . . . . . . Miscellaneous . | . . . . . . . Route ------- -11/Scrapyard -10/Materials -10/Mines -9/Materials -9/Mines -8/Materials -8/Garrison (discovered 2 exits: [*Mat x2]) History --------- Turn | Location | Event 38 | -11/Scrapyard | Discovered new exit (range 13) 53 | -11/Scrapyard | Entered Materials 96 | -10/Materials | Met 8R-AWN 142 | -10/Materials | Discovered new exit (range 12) 162 | -10/Materials | Entered Mines 163 | -10/Mines | Followed 8R-AWN into the Mines 226 | -10/Mines | Found a damaged Exp. Sensor Array with a note attached 228 | -10/Mines | Found Prototype Device 256 | -10/Mines | Assembled infested the area 282 | -10/Mines | Discovered new exit (range 8) 287 | -10/Mines | Received a Rocket Launcher from a helpful Derelict 304 | -10/Mines | Build established: Mutant 393 | -10/Mines | Entered Materials 393 | -9/Materials | Evolved 2 slots: Power x1, Utility x1 561 | -9/Materials | Discovered new exit (range 13) 571 | -9/Materials | Entered Mines 596 | -9/Mines | A weapon hastily lodged in a ceiling crevice suddenly fell to the ground 787 | -9/Mines | Identified Exp. Sensor Array 841 | -9/Mines | Excavation squad dispatched 841 | -9/Mines | A large section of the Mines collapsed 959 | -9/Mines | Discovered new exit (range 15) 999 | -9/Mines | Entered Materials 999 | -8/Materials | Evolved 2 slots: Utility x2 1446 | -8/Materials | Identified exit to Garrison 1448 | -8/Materials | Entered Garrison 1518 | -8/Garrison | Triggered checkpoint 1808 | -8/Garrison | Triggered checkpoint 1846 | -8/Garrison | Triggered checkpoint 1847 | -8/Garrison | Lost 3 parts (1p2w) 2425 | -8/Garrison | Discovered new exit (range 9) 2441 | -8/Garrison | Attempted to access garrison exit controls, blocked by remote lockdown 2543 | -8/Garrison | Garrison Relay disabled 2644 | -8/Garrison | Build established: Scavenger-Mutant 2739 | -8/Garrison | Discovered new exit (range 11) 2753 | -8/Garrison | Attempted to access garrison exit controls, blocked by remote lockdown 2784 | -8/Garrison | Triggered checkpoint 2796 | -8/Garrison | Garrison Relay disabled 2871 | -8/Garrison | Core integrity fell below 50% 2893 | -8/Garrison | Core integrity fell below 20% 2923 | -8/Garrison | Destroyed by P-60 Hacker with Shock Rifle Last Messages --------------- 02882_ Slammed into P-60 Hacker. 02884_ Destabilizing: Core damaged (-22). 02885_ Slammed into P-60 Hacker. 02887_ Destabilizing: Core damaged (-22). 02888_ Slammed into P-60 Hacker. 02899_ Dropped Lgt. Nuclear Core. 02899_ Acquired Remote Datajack. Remote Datajacks cannot fire with other weapons in the same volley. 02902_ System corrupted: Heat flow error (+116). 02904_ Slammed into P-60 Hacker. 02905_ P-60 Hacker repels hacking attempt. 02911_ Remote Datajack destroyed. 02911_ Slammed into P-60 Hacker. 02913_ Weight Redist. System broken. 02913_ Destabilizing: Short circuit. 02914_ Slammed into P-60 Hacker. 02917_ System corrupted: Energy discharge (-34). 02922_ Acquired Gravmag System. 02923_ Acquired 24 matter. Map ----- +----------------------------------------------------+ | | | ???????????????????????????????? | | ???????????????????????????????? | | ???????????????????????????????? | | ???????????????????????????????? | | ???????????????????????????????? | | ???????????????????????????????? | | ???????????????????????????????? | | ???????????????????????????????? | | ???????????????????????????????? | | ???????????????????????????????? | | ?????????#####?????????????????? | | ?????????# #?????????????????? | | ?????????# < +?????????????????? | | ?????????# #?????????????????? | | ?????????# #???????##+##??#### | | ?????????# #???????# #??#""" | | ?????????# #??###### ##### ! | | ?????????# #??# | | ?????????# #??# | | ?????????# #??# ############# | | ?????????# #??# #???????????? | | ?????+???# #### ############# | | ?????????# | | ???+###+##*! p | | ??# !!@%; | | | ???+###+######################## | | ???????????????????????????????# | | ?????+?????????????????????????# | | ???????????????????????????????# | | ???????????????????????????????# | | ???????????????????????????????# | | ???????????????????????????????# | | ???????????????????????????????# | | ???????????????????????????????# | | ???????????????????????????????# | | ???????????????????????????????# | | ???????????????????????????????# | | ???????????????????????????????# | | ???????????????????????????????# | | ???????????????????????????????# | | ???????????????????????????????# | | ???????????????????????????????# | | ???????????????????????????????# | | ???????????????????????????????# | | ???????????????????????????????# | | ???????????????????????????????# | | ???????????????????????????????# | | ???????????????????????????????? | | ???????????????????????????????? | +----------------------------------------------------+ Best States ------------- Heat Dissipation 45 Energy Generation 19 Energy Capacity 400 Matter Stores 300 Matter Capacity 300 Sight Range 16 Robot Scan Range 20 Terrain Scan Range 16 Terrain Scan Density 10 Additional Mass Support 6 Armor Coverage 225 Evasion (%) 55 Authchip Count 2 Item Schematics ----------------- None Robot Schematics ------------------ None Fabricated ------------ Nothing Alien Tech Used ----------------- None Achievements -------------- None Challenges ------------ None Game ------ Seed NodeDimensionalRailgun Manual? 0 Play Time 00:30:42 Cumulative 8.6 hours Start 2024.10.31 @ 13:04:02 End 2025.01.05 @ 12:18:46 Sessions 5 Manual Loads 0 Difficulty Rogue Special Mode None Game No. 15 Rogue 15 Adventurer 0 Explorer 0 Win Type - Total 0 Types 0/0/0/0/0/0/0/0/0 Lore% 1 Gallery% 14 Achievement% 16 Wizard Run 0 Options --------- Layout 1 ASCII 0 Keyboard 1 Movement Numpad Keybinds 0 Fullscreen 2 Font 24/Smallcaps Map View 50x35 Zoom Use 0% Tactical HUD 1 Map Filters NONE Filters NONE Steam 1 RUN: fa6fd466-5ea0-4edd-aa50-6ae4062c8252